AoeStats
← jphilkill

Black Forest

504981170Analyzed
4v4 RM · 26d ago on Sep 7, 2026· 52m 38s· 8 players
Game mode
Random Map
Map size
Large (8 player)
Population
200
Speed
Normal
Resources
Standard
Victory
Conquest
Starting age
Dark Age
Ending age
Imperial Age
RankedLock teamsTeams togetherTeam positionsShared explorationLock speedFull tech treeHidden civsTurbo modeCheats
Victory
Defeat
🇮🇳 Burmese · India
1068
+16
🇩🇪 Persians · Germany
1063
+16
🇦🇺 Poles · Australia
1027
+18
🇧🇷 Italians · Brazil
1007
+18
🇧🇪 Turks · Belgium
1070
-17
🇷🇺 Britons · Russia
1063
-17
🇩🇪 Celts · Germany
1062
-17
🇪🇪 Hindustanis · Estonia
1062
-17
Hunter
10:15 Feudal Age
14:02 Castle Age
11:56 Double-Bit Axe
11:53 Horse Collar
22:05 Gold Mining
22:58 Bow Saw
27:45 Imperial Age
25:24 Padded Archer Armor
26:24 Ballistics
26:23 Fletching
26:54 Leather Archer Armor
27:15 Bodkin Arrow
29:36 Chemistry
28:38 Bracer
29:08 Ring Archer Armor
30:31 Two-Man Saw
30:44 Thumb Ring
31:22 Wheelbarrow
30:54 Heavy Plow
31:56 Conscription
32:20 Elite Genoese Crossbowman
34:06 Bombard Tower
34:08 Hand Cart
33:39 Loom
37:02 Hoardings
46:13 Elite Skirmisher
陟遐自迩
0:40 Loom
12:30 Feudal Age
13:42 Horse Collar
19:39 Castle Age
18:02 Double-Bit Axe
18:25 Stone Mining
18:20 Fishing Lines
20:47 Wheelbarrow
21:22 Bow Saw
23:39 Heavy Plow
25:02 Gillnets
27:16 Gold Mining
28:17 Stone Shaft Mining
29:32 Gold Shaft Mining
33:21 Imperial Age
33:33 Hand Cart
33:06 Town Watch
34:14 Conscription
33:15 Elite War Elephant
34:10 Forging
34:06 Scale Barding Armor
34:05 Devotion
34:45 Crop Rotation
35:42 Iron Casting
37:07 Chain Barding Armor
39:25 Blast Furnace
39:01 Plate Barding Armor
40:20 Caravan
43:05 Faith
45:42 Husbandry
45:52 Bloodlines
47:08 Fletching
47:19 Padded Archer Armor
48:23 Two-Man Saw
51:28 Block Printing
50:37 Light Cavalry
51:20 Squires
51:05 Arson
50:41 Pikeman
51:19 Bodkin Arrow
51:39 Leather Archer Armor
Enver Pasha
5:04 Loom
11:31 Feudal Age
15:12 Castle Age
15:03 Scale Barding Armor
14:47 Horse Collar
15:58 Heavy Plow
17:20 Bloodlines
18:23 Husbandry
19:09 Forging
22:11 Chain Barding Armor
29:49 Wheelbarrow
34:02 Gold Mining
38:12 Imperial Age
38:00 Iron Casting
39:54 Plate Barding Armor
40:24 Elite Battle Elephant
42:48 Blast Furnace
41:32 Treadmill Crane
42:13 Ballistics
42:04 Masonry
42:38 Crop Rotation
43:52 Devotion
45:23 Squires
46:24 Faith
46:35 Conscription
46:17 Manipur Cavalry
49:23 Howdah
49:32 Howdah
50:26 Fletching
51:39 Chemistry
Debra
1:02 Loom
12:33 Feudal Age
13:14 Double-Bit Axe
13:25 Horse Collar
23:11 Castle Age
22:03 Stone Mining
24:23 Bow Saw
25:14 Heavy Plow
28:10 Wheelbarrow
34:33 Imperial Age
33:34 Hand Cart
33:14 Gold Mining
34:10 Town Watch
34:35 Scale Barding Armor
34:40 Forging
35:47 Szlachta Privileges
36:03 Conscription
36:36 Husbandry
36:47 Bloodlines
36:44 Scale Mail Armor
36:14 Cavalier
38:40 Pikeman
39:20 Squires
41:41 Chain Barding Armor
41:57 Iron Casting
43:00 Hoardings
42:51 Onager
45:16 Light Cavalry
47:05 Chain Mail Armor
47:50 Blast Furnace
46:41 Fletching
49:31 Capped Ram
50:44 Siege Ram
52:37 Lechitic Legacy
52:38 Winged Hussar
noumha
10:12 Feudal Age
10:35 Loom
15:35 Castle Age
14:56 Horse Collar
15:05 Double-Bit Axe
16:24 Heavy Plow
24:57 Fervor
29:40 Imperial Age
32:16 Fletching
32:26 Padded Archer Armor
33:04 Wheelbarrow
32:15 Town Watch
34:18 Conscription
35:17 Gold Mining
38:44 Elite Janissary
39:43 Bodkin Arrow
40:05 Leather Archer Armor
39:56 Scale Barding Armor
40:01 Forging
40:17 Bow Saw
44:59 Bloodlines
44:49 Husbandry
49:12 Chain Barding Armor
49:14 Heavy Camel Rider
52:07 Plate Barding Armor
52:08 Iron Casting
52:04 Ring Archer Armor
51:35 Bracer
52:58 Fortified Wall
founderr
0:39 Loom
13:03 Feudal Age
17:19 Castle Age
15:24 Double-Bit Axe
15:58 Horse Collar
21:22 Fishing Lines
22:24 Bow Saw
22:18 Heavy Plow
23:28 Town Watch
25:08 Wheelbarrow
25:48 Gillnets
27:21 Caravan
31:09 Imperial Age
28:56 Hand Cart
29:44 Yeomen
30:03 Town Patrol
29:55 Fletching
30:05 Padded Archer Armor
33:00 Two-Man Saw
32:11 Bodkin Arrow
32:32 Leather Archer Armor
32:41 Conscription
32:26 Pikeman
33:06 Squires
32:52 Gambesons
34:12 Hoardings
34:58 Gold Mining
34:59 Stone Mining
35:13 Bracer
35:43 Ring Archer Armor
35:14 Scale Mail Armor
34:45 Halberdier
36:08 Ballistics
35:56 Siege Engineers
35:32 Treadmill Crane
38:43 Chain Mail Armor
38:39 Forging
38:35 Warwolf
39:34 Gold Shaft Mining
39:05 Arson
41:46 Guilds
42:46 Plate Mail Armor
42:52 Iron Casting
42:53 Elite Longbowman
50:25 Chemistry
49:22 Murder Holes
maxokol
0:29 Loom
11:20 Feudal Age
14:29 Fletching
18:46 Castle Age
18:33 Scale Barding Armor
18:52 Double-Bit Axe
18:50 Horse Collar
23:19 Bow Saw
23:14 Town Watch
28:06 Wheelbarrow
27:43 Forging
28:14 Heavy Plow
29:58 Bloodlines
30:58 Chain Barding Armor
35:10 Imperial Age
32:50 Bodkin Arrow
33:39 Gold Mining
33:52 Grand Trunk Road
34:16 Fortified Wall
34:47 Hand Cart
35:41 Iron Casting
35:26 Heavy Camel Rider
36:33 Conscription
37:06 Plate Barding Armor
36:49 Siege Engineers
38:14 Blast Furnace
37:43 Imperial Camel Rider
39:27 Bracer
40:32 Chemistry
39:53 Ballistics
39:44 Masonry
39:58 Light Cavalry
40:40 Husbandry
41:44 Hussar
42:52 Padded Archer Armor
42:41 Elite Skirmisher
49:27 Leather Archer Armor
51:17 Ring Archer Armor
52:13 Hoardings
jphilkill
1:00 Loom
13:04 Feudal Age
14:43 Wheelbarrow
13:57 Double-Bit Axe
16:07 Fishing Lines
16:11 Horse Collar
16:26 Gold Mining
18:53 Castle Age
16:55 Stone Mining
21:23 Bow Saw
22:51 Heavy Plow
25:47 Caravan
25:46 Pikeman
28:17 Hand Cart
28:39 Gold Shaft Mining
28:56 Husbandry
30:32 Gillnets
32:56 Elite Skirmisher
36:15 Imperial Age
34:07 Forging
33:58 Scale Mail Armor
34:04 Scale Barding Armor
33:59 Padded Archer Armor
33:49 Fletching
36:03 Iron Casting
35:18 Fletching
36:51 Chain Mail Armor
37:01 Cavalier
38:07 Conscription
39:32 Blast Furnace
39:25 Stone Shaft Mining
39:16 Chain Barding Armor
38:33 Halberdier
40:44 Chemistry
40:05 Ballistics
39:51 Siege Engineers
40:28 Heavy Scorpion
40:32 Capped Ram
42:35 Plate Mail Armor
Connection lost

Rejoining the realm…

Still unreachable

The connection could not be restored.

Session expired

The server has moved on; the page needs a fresh start.